Map: Dusk Towers

Players

KTSpeeD

  • Race: Zerg Zerg
  • League: Grandmaster

Miszu - Winner!

  • Race: Terran Terran
  • League: Grandmaster

VOD

Have the link to the VOD?

Description

Time

  • Played on: Feb. 19, 2016, 6:18 p.m.
  • Length: 11:38
Show
View Real Time Build Order
Export as new Build Order

KTSpeeD Zerg 

Build Orders: Hatch First, Muta Ling Bane 

Get SALT Encoding   

  12  0:01  Drone  
  13  0:07  Drone  
  14  0:17  Overlord  
  14  0:29  Extractor  
  14  0:30  Extractor, Drone x2  
  16  0:37  Drone  
  17  0:54  Hatchery  
  17  0:56  Drone  
  17  1:00  Drone  
  17  1:03  Extractor  
  17  1:15  Spawning Pool  
  16  1:19  Drone  
  16  1:23  Drone  
  18  1:27  Drone  
  19  1:47  Overlord  
  19  2:02  Queen  
  19  2:03  Metabolic Boost  
  19  2:04  Zergling x2  
  19  2:05  Zergling x2  
  19  2:08  Queen  
  25  2:13  Drone  
  25  2:14  Drone  
  27  2:17  Drone  
  27  2:20  Drone  
  29  2:28  Drone  
  30  2:34  Drone  
  31  2:39  Drone  
  31  2:42  Overlord  
  32  2:45  Lair  
  32  2:49  Drone  
  33  2:53  Drone  
  34  2:59  Drone  
  34  3:05  Queen  
  35  3:07  Zergling x2  
  38  3:13  Drone x2  
  38  3:14  Drone x3  
  38  3:15  Drone  
  44  3:23  Overlord  
  44  3:31  Extractor x3  
  44  3:32  Drone x3  
  44  3:41  Queen  
  44  3:43  Drone  
  44  3:44  Zergling x4  
  49  3:49  Zergling x2  
  49  3:50  Zergling x4  
  51  3:59  Drone  
  51  4:01  Spire  
  51  4:07  Overlord, Drone  
  52  4:21  Hatchery  
  51  4:33  Drone x2  
  51  4:34  Overlord, Queen  
  55  4:52  Overlord x2  
  55  4:57  Drone  
  56  5:06  Hatchery  
  54  5:24  Mutalisk  
  54  5:25  Mutalisk x3  
  59  5:36  Drone x6  
  59  5:37  Drone x5  
  70  5:43  Drone  
  70  5:44  Queen  
  70  5:46  Drone x3  
  70  5:48  Mutalisk  
  78  5:51  Drone x2  
  78  5:53  Evolution Chamber  
  78  5:54  Baneling Nest, Evolution Chamber  
  78  5:55  Drone  
  78  5:58  Extractor  
  78  6:00  Drone  
  78  6:01  Extractor  
  77  6:07  Drone x4  
  77  6:09  Drone  
  82  6:16  Drone x3  
  85  6:21  Drone x3  
  85  6:22  Drone  
  89  6:38  Zerg Melee Weapons Level 1, Centrifical Hooks, Zerg Ground Armor Level 1  
  89  6:39  Overlord  
  89  6:40  Drone x4  
  89  6:45  Mutalisk  
  95  6:47  Overlord  
  95  6:48  Overlord  
  95  6:51  Hatchery  
  94  6:57  Overlord  
  94  6:58  Zergling x2  
  94  6:59  Zergling x14  
  94  7:00  Zergling x2  
  103  7:05  Zergling x2  
  103  7:06  Zergling x6  
  103  7:07  Zergling x4  
  103  7:08  Zergling x2  
  110  7:18  Mutalisk x4  
  116  7:27  Mutalisk x4  
  124  7:33  Zergling x2  
  124  7:34  Zergling x6  
  128  7:37  Overlord x2  
  128  7:38  Infestation Pit  
  128  7:41  Baneling  
  128  7:42  Baneling x5  
  127  7:48  Overlord x2  
  127  7:49  Overlord  
  127  7:55  Queen, Baneling x5  
  127  7:56  Baneling x3  
  127  7:57  Zergling x2  
  127  7:58  Zergling x6  
  132  8:07  Zergling x2  
  132  8:08  Zergling x16  
  130  8:23  Zergling x2  
  130  8:24  Zergling x14  
  118  8:29  Zergling x2  
  118  8:30  Zergling x14  
  109  8:49  Baneling x8  
  109  8:51  Mutalisk x6  
  109  8:53  Zergling x2  
  109  8:54  Zergling x10  
  109  8:55  Zergling x2  
  122  9:00  Zergling x6  
  122  9:02  Overseer x3  
  125  9:03  Zergling x4  
  113  9:27  Mutalisk x4  
  113  9:29  Zergling x2  
  113  9:30  Zergling x14  
  120  9:37  Zergling x2  
  120  9:38  Zergling x10  
  120  9:43  Zergling x4  
  120  9:44  Zergling x2  
  121  9:50  Mutalisk x2  
  121  9:51  Mutalisk x2  
  116  9:53  Baneling x3  
  116  9:56  Zergling x4  
  116  9:57  Queen  
  116  9:58  Queen  
  122  10:02  Zergling x8  
  123  10:11  Zergling x6  
  112  10:18  Zergling x6  
  112  10:19  Zergling x4  
  112  10:21  Baneling x2  
  113  10:22  Zergling x6  
  113  10:25  Zergling x8  
  110  10:36  Mutalisk x4  
  110  10:41  Overseer  
  116  10:45  Zergling x8  
  116  10:46  Zergling x2  
  121  10:53  Hatchery  
  111  11:01  Zergling x18  
  112  11:05  Zergling x4  
  112  11:06  Zergling x4  
  112  11:07  Zergling x6  
  119  11:17  Zergling x2  
  119  11:18  Zergling x10  
  113  11:22  Baneling x5  
  113  11:23  Baneling  
Show
View Real Time Build Order
Export as new Build Order

Miszu Terran - Winner!

Build Orders: MMM Bio 

Get SALT Encoding   

  12  0:00  SCV  
  13  0:12  SCV  
  14  0:17  Supply Depot  
  14  0:24  SCV  
  15  0:39  SCV  
  15  0:42  Barracks  
  16  0:46  Refinery  
  16  0:51  SCV  
  17  1:03  SCV  
  18  1:15  SCV  
  19  1:28  Orbital Command  
  19  1:31  Barracks Reactor  
  19  1:40  Command Center  
  19  1:50  Supply Depot  
  20  1:54  SCV  
  20  2:06  SCV  
  20  2:08  Reaper x2  
  23  2:18  SCV  
  24  2:28  Command Center  
  24  2:30  SCV  
  25  2:42  Refinery, SCV  
  25  2:43  Reaper x2  
  28  2:52  Orbital Command  
  28  2:54  SCV  
  29  3:07  SCV  
  29  3:11  Barracks  
  30  3:14  Barracks  
  30  3:18  SCV  
  30  3:19  SCV  
  33  3:20  Reaper x2  
  34  3:30  SCV  
  34  3:31  SCV  
  36  3:42  SCV  
  36  3:43  SCV, Orbital Command  
  38  3:54  SCV  
  38  3:55  SCV  
  40  3:59  Barracks Tech Lab  
  40  4:02  Barracks Tech Lab  
  39  4:03  Refinery, Marine  
  39  4:04  Factory, Refinery, Marine  
  39  4:06  SCV  
  39  4:07  SCV  
  44  4:15  Orbital Command  
  43  4:17  Engineering Bay x2  
  43  4:18  SCV  
  43  4:19  SCV  
  43  4:20  Marine x2, Stimpack  
  47  4:30  SCV  
  46  4:31  SCV  
  46  4:32  Marine x2  
  46  4:38  Supply Depot, Marine  
  50  4:39  Marine  
  50  4:40  Combat Shields  
  50  4:42  SCV  
  50  4:43  SCV  
  53  4:49  Marine  
  53  4:50  Marine  
  53  4:52  Factory Reactor  
  55  4:53  Starport  
  55  4:55  SCV  
  55  4:56  Marine  
  55  4:57  Marine  
  55  4:58  Orbital Command  
  58  5:00  Supply Depot  
  58  5:07  Marine  
  58  5:14  SCV x2  
  61  5:15  Marine  
  61  5:16  Marine x2  
  64  5:21  Supply Depot  
  64  5:22  Supply Depot  
  64  5:25  Missile Turret  
  64  5:26  SCV x2  
  64  5:28  SCV  
  68  5:30  Barracks  
  68  5:31  Barracks  
  67  5:35  Terran Infantry Armor Level 1  
  67  5:37  Terran Infantry Weapons Level 1  
  67  5:38  SCV x2  
  67  5:42  SCV  
  70  5:44  Factory Reactor  
  70  5:49  Supply Depot, Marine x3  
  72  5:50  SCV  
  72  5:52  Medivac  
  72  5:56  SCV  
  78  5:57  SCV  
  78  6:02  SCV  
  78  6:03  Medivac  
  81  6:07  Missile Turret  
  81  6:08  SCV  
  81  6:09  Marine  
  81  6:10  Supply Depot, Marine  
  84  6:12  Missile Turret  
  84  6:18  SCV  
  85  6:22  Medivac, SCV  
  88  6:30  Barracks Reactor x2  
  88  6:31  Marine x2  
  88  6:32  Marine x2  
  91  6:33  Medivac, Widow Mine  
  91  6:34  Widow Mine  
  91  6:35  SCV x3  
  91  6:38  Supply Depot  
  100  6:44  Supply Depot  
  101  6:47  SCV x3, Armory  
  101  6:49  Marine  
  101  6:51  Marauder x2  
  108  6:58  Supply Depot  
  108  7:04  Medivac, Widow Mine x2  
  108  7:05  Medivac  
  108  7:07  Supply Depot, Marine x3  
  119  7:12  Marauder  
  119  7:13  Refinery  
  119  7:14  Refinery  
  121  7:18  Marine  
  121  7:19  Marine x3  
  124  7:25  Supply Depot, Marine  
  124  7:27  Supply Depot  
  125  7:31  Concussive Shells  
  125  7:32  Supply Depot, Widow Mine  
  125  7:34  Medivac  
  125  7:35  Terran Infantry Armor Level 2  
  129  7:37  Marauder, Terran Infantry Weapons Level 2  
  129  7:43  Marine x2, Marauder  
  135  7:44  Marine x3  
  138  7:53  Marine  
  139  7:58  Marine, Barracks  
  139  8:00  Barracks x2  
  139  8:02  Marine  
  139  8:05  Marauder  
  139  8:09  Marine  
  139  8:10  Marine x2  
  142  8:15  Widow Mine  
  142  8:17  Marauder  
  141  8:24  Marine  
  141  8:26  Marauder  
  122  8:27  Marine  
  122  8:28  Marine, Widow Mine  
  122  8:29  Medivac  
  126  8:38  Marauder  
  126  8:40  Marine  
  118  8:41  Marine x2  
  118  8:42  Marine  
  118  8:44  Widow Mine  
  118  8:45  Marine  
  118  8:46  Marine x2  
  118  8:47  Marauder  
  127  8:52  SCV  
  127  8:53  Marine x2  
  130  8:57  Widow Mine  
  130  8:58  Marine  
  130  8:59  Marine, Marauder  
  136  9:09  Marine x2, Marauder  
  139  9:10  Marine x4  
  139  9:11  Marine  
  139  9:16  Marine  
  146  9:19  Marine  
  146  9:21  Marauder  
  135  9:28  Marine x2  
  135  9:30  Marauder  
  116  9:34  Marine  
  116  9:38  Marine  
  113  9:41  Marine x5  
  113  9:42  Marauder  
  114  9:46  Marine x2  
  114  9:51  Widow Mine  
  114  9:52  Marine, Medivac, Marauder  
  118  9:56  Marine  
  118  9:58  Marine  
  118  9:59  Marine x3  
  123  10:04  Marauder  
  125  10:13  Marauder  
  110  10:14  Marine  
  110  10:15  Marine x4  
  110  10:16  Marine  
  110  10:17  Marine x3  
  116  10:25  Marauder  
  114  10:32  Marine, Medivac  
  114  10:33  Marine x4  
  114  10:34  Marine x2  
  114  10:35  Marine x3, Medivac  
  117  10:37  Widow Mine x2  
  121  10:46  Marine  
  122  10:50  Marine  
  122  10:51  Marine x4  
  122  10:52  Marine x4, Marauder  
  122  10:56  Command Center  
  129  11:02  Medivac  
  129  11:04  Marine  
  132  11:05  Medivac  
  132  11:06  Widow Mine  
  132  11:07  Widow Mine  
  132  11:08  Marine x4  
  132  11:09  Marine  
  132  11:10  Marine x4  
  147  11:14  Marauder  
Tags
 
Add a new tag
Caveats
  • Supply blocks, unpowered buildings, or Contaminate may cause inaccurate times.
  • Supply counts are checked every 10 seconds.